 Dungeon Crawl Stone Soup version 0.30-a0-782-ge64f9170bb (webtiles) character file.

Game seed: 9610853748163599435

46 funkygono the Firebug (level 3, -10/19 HPs)
             Began as a Gargoyle Fire Elementalist on Mar 8, 2023.
             Killed by divine providence
             ... invoked by an orc priest
              (16 damage)
             ... on level 2 of the Dungeon.
             The game lasted 00:02:16 (1585 turns).

funkygono the Firebug (Gargoyle Fire Elementalist)  Turns: 1585, Time: 00:02:16

Health: -10/19     AC:  6    Str: 11    XL:     3   Next: 66%
Magic:  5/6        EV: 12    Int: 17    God:
Gold:   42         SH:  0    Dex: 10    Spells: 0/6 levels left

rFire   . . .      SeeInvis .    m - +0 mace
rCold   . . .      Faith    .    (no shield)
rNeg    + . .      Spirit   .    a - +0 robe
rPois   ∞          Reflect  .    (no helmet)
rElec   +          Harm     .    (no cloak)
rCorr   .          Rampage  .    e - +0 pair of gloves
Will    .....                    (no boots)
Stlth   ++                       (no amulet)
HPRegen 0.23/turn                (no ring)
MPRegen 0.10/turn                (no ring)

@: no status effects
A: sickness immunity, AC +3, negative energy resistance 1, electricity
resistance, torment resistance 1, petrification resistance
a: no special abilities


You were on level 2 of the Dungeon.
You visited 1 branch of the dungeon, and saw 2 of its levels.

You collected 42 gold pieces.

Inventory:

Hand Weapons
 m - a +0 mace (weapon)
Armour
 a - a +0 robe (worn)
 e - a +0 pair of gloves (worn)
Scrolls
 c - 3 scrolls of identify {unknown}
 d - a scroll of fear {unknown}
 i - a scroll of poison {unknown}
 l - a scroll of teleportation {unknown}
Potions
 b - a potion of magic
 f - 2 potions of haste {unknown}
 g - 2 potions of curing {unknown}
 h - a potion of cancellation {unknown}
 j - a potion of might {unknown}


   Skills:
 + Level 1.6 Dodging
 - Level 2.1 Stealth
 + Level 2.4 Spellcasting
 + Level 2.0 Conjurations
 + Level 3.8 Fire Magic


You couldn't memorise any spells.
You knew the following spells:

 Your Spells              Type           Power      Damage    Failure   Level
a - Foxfire               Conj/Fire      48%        2x1d6     5%          1
b - Scorch                Fire           30%        2d6       5%          2
c - Kindle Blastsparks    Fire/Tloc/Air  12%        2d11      32%         3

Your spell library contained the following spells:

 Spells                   Type           Power      Damage    Failure   Level
 Inner Flame              Hex/Fire       8%         N/A       26%         3
 Flame Wave               Conj/Fire      12%        2d6       50%         4


Dungeon Overview and Level Annotations

Branches:
Dungeon (2/15)

Altars:

Shops:
D:1 *


Innate Abilities, Weirdness & Mutations

You are immune to sickness and miasma.
Your stone body is resilient. (AC +3)
You are immune to poison.
You resist negative energy. (rN+)
You are resistant to electric shocks. (rElec)
You are resistant to unholy torment.
You are immune to petrification.


Message History

You conjure some foxfire!
An orc comes into view. It is wielding a +0 short sword.
Casting: Foxfire (safe; 5% risk of failure)
Confirm with . or Enter, or press ? or * to list all spells.
You conjure some foxfire!
The foxfire hits the orc.
The orc is heavily wounded.
An orc priest comes into view. It is wielding a +0 club.
Casting: Foxfire (safe; 5% risk of failure)
Confirm with . or Enter, or press ? or * to list all spells.
You conjure some foxfire!
The foxfire hits the orc.
The orc is heavily wounded.
Casting: Foxfire (safe; 5% risk of failure)
Confirm with . or Enter, or press ? or * to list all spells.
You conjure some foxfire!
The foxfire hits the orc.
You kill the orc!
The foxfire hits the orc.
The orc is heavily wounded.
The foxfire hits the orc.
The orc is almost dead.
The foxfire hits the orc.
You kill the orc!
There is a stone staircase leading down here.
The orc barely misses you. The orc misses you. The orc closely misses you.
The orc priest calls down the wrath of Beogh upon you.
Beogh smites you!
There is an open door here.
The orc attacks as you move away! The orc barely misses you.
The orc attacks as you move away! The orc completely misses you.
The orc attacks as you move away! The orc hits you with a +0 short sword.
The orc attacks as you move away! The orc closely misses you.
The orc attacks as you move away! The orc hits you with a +0 short sword.
* * * LOW HITPOINT WARNING * * *
The orc attacks as you move away! The orc closely misses you.
The orc priest begins to cast a cantrip, but forgets the words!
The orc attacks as you move away! The orc hits you but does no damage.
The orc priest mumbles some strange prayers to Beogh against you.
Beogh smites you!
Ouch! That really hurt!
You die...

###.# ### #.###### ########
#########.. #.##...### #......#
#.......#.# ###.#....'.# #......#
#.....).#.# ....#....#.# #......#
#.......#.# #####....#.# #......#
#.......#.. .........#.# #...†..#
#.......#.#
##########.###......###.......#.#
....§........'..@o..o.o.......'>#
......########......###......(#.#
..... ######## #.......#.# .....
#########.# .†... ######.# .....
#......# ..... #.####.# .....
#.#..... ....† #.#.##.#


You could see an orc priest and 2 orcs.

Vanquished Creatures
  An adder (D:2)
  2 orcs (D:2)
  5 ball pythons (D:1)
  3 endoplasms (D:1)
  A giant cockroach (D:1)
  3 goblins
  4 hobgoblins (D:1)
  2 quokkas (D:1)
  3 bats
  3 frilled lizards (D:1)
  A kobold (D:1)
  4 rats
32 creatures vanquished.

Vanquished Creatures (collateral kills)
  2 foxfires (D:1)
2 creatures vanquished.

Vanquished Creatures (others)
  101 foxfires
  5 fungi (D:1)
  7 plants (D:1)
113 creatures vanquished.

Grand Total: 147 creatures vanquished

Notes
Turn   | Place    | Note
-------+----------+-------------------------------------------
     0 | D:1      | funkygono the Gargoyle Fire Elementalist began the quest
                  | for the Orb.
     0 | D:1      | Reached XP level 1. HP: 10/10 MP: 3/3
   237 | D:1      | Reached XP level 2. HP: 15/15 MP: 0/5
   249 | D:1      | Learned a level 2 spell: Scorch
   501 | D:1      | Found Xoocuq Viell's General Store.
   581 | D:1      | Found a faded altar of an unknown god.
   881 | D:1      | Reached XP level 3. HP: 19/19 MP: 3/6
   885 | D:1      | Learned a level 3 spell: Kindle Blastsparks
  1585 | D:2      | Killed from afar by an orc priest

Illustrated notes

Levels and vault maps discovered:
D:1:      dpeg_arrival_stone_temple_mockup, layout_basic, serial_corexii_hall,
          corexii_hall_statues_l, corexii_hall_statues_s,
          shapermc_ecumenical_altar_mp_urbaneastern, serial_shops, shop,
          minmay_misc_feat_cross
D:2:      cheibrodos_pilgrimage, layout_basic, uniq_terence

Skill      XL: |  1  2  3 |
---------------+----------+-----
Conjurations   | 2 |  2.0
Dodging        | |  1.6
Stealth        | |  2.1
Spellcasting   | |  2.4
Fire Magic     | |  3.8

Action                     || total
---------------------------++-------
  Melee: Unarmed           ||     1
   Cast: Foxfire           ||    58
         Scorch            ||     3
 Armour: Robe              ||     2
  Dodge: Dodged            ||    12

Table legend: (Time is in decaauts)
 A = Elapsed time spent in this place.
 B = Non-inter-level travel time spent in this place.
 C = Inter-level travel time spent in this place.
 D = Time resting spent in this place.
 E = Time spent auto-exploring this place.
 F = Levels seen in this place.
 G = Mean time per level.
                   A        B        C        D        E       F      G
               +--------+--------+--------+--------+--------+-----+--------+
         Total |   1583 |   1557 |     26 |      0 |   1320 |   2 |  791.5 |
       Dungeon |   1583 |   1557 |     26 |      0 |   1320 |   2 |  791.5 |
               +--------+--------+--------+--------+--------+-----+--------+

Top non-repeatable levels by time:
     D:1: 1228 daAuts
     D:2: 355 daAuts
